 Dungeon Crawl Stone Soup version 0.14-a0-1761-gdbd231b (webtiles) character file.

288 HollowCharge the Skirmisher (level 5, -7/47 HPs)
             Began as a Draconian Warper on Jan 5, 2014.
             Shot with an arrow of flame by a centaur (14 damage)
             ... on Level 5 of the Dungeon.
             The game lasted 00:14:46 (3390 turns).

HollowCharge the Skirmisher (Draconian Warper)      Turns: 3390, Time: 00:14:46

HP  -7/47        AC  6     Str 14      XL: 5   Next: 64%
MP   9/9         EV 11     Int 13      God:
Gold 68          SH  6     Dex 11      Spells:  4 memorised,  1 level left

rFire  . . .     SeeInvis .     a - +0 falchion
rCold  . . .     Clarity  .     (armour unavailable)
rNeg   . . .     Conserve .     h - +0 orc buckler
rPois  .         rCorr    .     (helmet restricted)
rElec  .         rRot     .     (no cloak)
SustAb . .       Spirit   .     (no gloves)
rMut   .         Warding  .     j - +0 pair of boots
Saprov . . .     Stasis   .     (no amulet)
                                (no ring)
                                (no ring)

@: slightly resistant to hostile enchantments, unstealthy
A: unfitting armour, AC +5
a: no special abilities


You were on level 5 of the Dungeon.
You were very hungry.

You visited 1 branch of the dungeon, and saw 5 of its levels.

You collected 68 gold pieces.

Inventory:

Hand weapons
 a - a +0,+0 falchion (weapon)
Missiles
 e - 15 darts
 f - 8 darts of dispersal (quivered)
Armour
 h - a +0 orcish buckler (worn)
 j - a +0 pair of boots (worn)
Comestibles
 g - a bread ration
 o - a meat ration
Scrolls
 d - 2 scrolls of identify {unknown}
 i - a scroll of enchant armour {unknown}
 l - 2 scrolls of remove curse {unknown}
 m - 3 scrolls of teleportation {unknown}
 p - a scroll of immolation {unknown}
 q - a scroll of enchant weapon I {unknown}
 t - a scroll of noise {unknown}
Jewellery
 r - an uncursed ring of see invisible {unknown}
Potions
 b - a potion of brilliance {unknown}
 k - 4 potions of heal wounds {unknown}
 n - a potion of magic {unknown}
 u - a potion of restore abilities {unknown}
Books
 c - a book of Spatial Translocations

   Spells                             Type                      Level
   *Apportation                       Translocation                1
   *Portal Projectile                 Translocation                2
   *Blink                             Translocation                2
   *Shroud of Golubria                Charms/Translocation         2
   Teleport Other                     Translocation                3
   Passage of Golubria                Translocation                4


   Skills:
 * Level 4.9 Fighting
 * Level 3.7 Long Blades
 - Level 0.8 Throwing
 + Level 3.0 Dodging
 - Level 2.0 Spellcasting
 - Level 3.0 Translocations


You had one spell level left.
You knew the following spells:

 Your Spells              Type           Power        Failure   Level  Hunger
a - Apportation           Tloc           #.........   10%         1    ##.....
b - Blink                 Tloc           N/A          14%         2    ###....
c - Shroud of Golubria    Chrm/Tloc      #.........   24%         2    ###....
d - Portal Projectile     Tloc           #.....       14%         2    ###....


Dungeon Overview and Level Annotations

Branches:
Dungeon (5/16)
 Temple: D:4-7

Altars:
Trog


Message History

The magic dart hits you!
The orc wizard becomes somewhat translucent.
The orc wizard casts a spell at you. The puff of frost hits you!
The orc wizard points at you and mumbles some strange words.
The puff of flame hits you!
The centaur shoots an arrow of flame.
The arrow of flame hits you!
The centaur shoots an arrow of flame.
The arrow of flame hits you!
You see here 2 arrows of flame.
The centaur shoots an arrow of flame.
The arrow of flame hits you!
You see here an arrow of flame.
The orc wizard gestures at you while chanting.
The magic dart hits you!
The orc wizard mumbles some strange words.
You feel troubled.
The centaur shoots an arrow of flame.
The arrow of flame hits you!
* * * LOW HITPOINT WARNING * * *
You see here an arrow of flame.
The centaur shoots an arrow of flame.
The arrow of flame hits you!
You die...

.. .# . .##.##.
######################
...#.............................
.................................
.................................
.................................
........................o........
................@(..(o.......(...
.......................c.........
.....<...........................
.................................
.................................
#################################


You could see a centaur and 2 orc wizards.

Vanquished Creatures
  A phantom (D:5)
  A hound (D:5)
  Crazy Yiuf (D:3)
  A worker ant (D:5)
  3 adders (D:2)
  A worm (D:2)
  A giant eyeball (D:4)
  An orc (D:3)
  6 bats
  5 goblins
  4 hobgoblins
  8 jackals
  A quokka (D:2)
  A ball python (D:3)
  5 giant cockroaches
  2 giant geckos (D:1)
  3 giant newts
  7 kobolds
  6 rats
58 creatures vanquished.

Notes
Turn   | Place    | Note
--------------------------------------------------------------
     0 | D:1      | HollowCharge, the Draconian Warper, began the quest for the Orb.
     0 | D:1      | Reached XP level 1. HP: 17/17 MP: 3/3
   357 | D:1      | Reached XP level 2. HP: 20/25 MP: 4/4
   650 | D:1      | Learned a level 2 spell: Blink
   943 | D:2      | Reached XP level 3. HP: 31/31 MP: 6/6
  1066 | D:2      | Found a bloodstained altar of Trog.
  1649 | D:2      | Reached XP level 4. HP: 30/40 MP: 7/7
  1757 | D:2      | Reached skill level 4 in Fighting
  2051 | D:3      | Noticed Crazy Yiuf
  2105 | D:3      | Killed Crazy Yiuf
  2448 | D:3      | Learned a level 2 spell: Shroud of Golubria
  2451 | D:3      | Learned a level 2 spell: Portal Projectile
  2511 | D:3      | Noticed an ogre
  2580 | D:4      | Noticed an ogre
  2608 | D:4      | Paralysed by a giant eyeball for 4 turns
  2625 | D:5      | Entered Level 5 of the Dungeon
  2880 | D:5      | Reached XP level 5. HP: 34/47 MP: 9/9
  2889 | D:5      | Noticed a phantom
  2908 | D:5      | Killed a phantom
  3369 | D:5      | Noticed a centaur
  3390 | D:5      | Shot with an arrow of flame by a centaur

Action                   |  1- 3 |  4- 6 || total
-------------------------+-------+-------++-------
Melee: Falchion          |   124 |    96 ||   220
Throw: Dart              |       |     2 ||     2
 Cast: Blink             |       |     2 ||     2
  Use: Scroll            |       |     1 ||     1
 Stab: Sleeping          |     1 |       ||     1
